 Dungeon Crawl Stone Soup version 0.30.1-9-gdf580d7c3d (webtiles) character file.

Game seed: 9241879417063853725

27162 LynnLen the Covert (level 13, -7/65 HPs)
             Began as a Spriggan Enchanter on Oct 6, 2023.
             Was a Believer of Dithmenos.
             Blown up by an orb spider (72 damage)
             ... with an orb of destruction
             ... on level 3 of the Lair of Beasts on Oct 7, 2023.
             The game lasted 01:04:15 (18982 turns).

LynnLen the Covert (Spriggan Enchanter)            Turns: 18982, Time: 01:04:16

Health: -7/65      AC:  8    Str:  4    XL:     13   Next: 2%
Magic:  27/27      EV: 23    Int: 20    God:    Dithmenos [**....]
Gold:   934        SH:  0    Dex: 17    Spells: 17/30 levels left

rFire   + . .        m - +6 dagger
rCold   + . .        (no shield)
rNeg    + . .        a - +2 robe {rC+ rF+}
rPois   .            K - +1 hat
rElec   .            I - +2 cloak {Will+}
rCorr   .            (gloves unavailable)
SInv    +            (boots unavailable)
Will    +++..        l - amulet of regeneration
Stlth   +++++++      N - ring of positive energy
HPRegen 1.10/turn    (no ring)
MPRegen 0.20/turn

%: no passive effects
@: wreathed by umbra, very quick
A: very small, no large weapons, unfitting armour, see invisible, speed 3
a: Renounce Religion, Shadow Step


You were on level 3 of the Lair of Beasts.
You worshipped Dithmenos.
Dithmenos was pleased with you.
You visited 3 branches of the dungeon, and saw 14 of its levels.

You collected 934 gold pieces.

Inventory:

Hand Weapons
 j - a +3 dagger
 m - a +6 dagger (weapon)
Missiles
 t - 5 throwing nets
 M - 10 poisoned darts
Armour
 a - a +2 robe of resistance (worn)
 I - a +2 cloak of willpower (worn)
 J - +0 steam dragon scales
 K - a +1 hat (worn)
Jewellery
 l - an amulet of regeneration (around neck)
 D - a ring of wizardry
 N - a ring of positive energy (left hand)
Wands
 q - a wand of paralysis (19)
 u - a wand of quicksilver (3)
 v - a wand of iceblast (11)
 H - a wand of polymorph (4)
 O - a wand of flame (12) (quivered)
Scrolls
 b - a scroll of poison {unknown}
 g - 6 scrolls of teleportation
 h - 3 scrolls of magic mapping
 p - a scroll of fear
 x - a scroll of torment
 y - a scroll of silence {unknown}
 z - a scroll of immolation {unknown}
 B - a scroll of blinking
 C - a scroll of noise {unknown}
 F - a scroll of fog
Potions
 c - 4 potions of invisibility
 d - 4 potions of ambrosia
 e - 6 potions of curing
 f - 2 potions of resistance
 i - 2 potions of magic
 k - 2 potions of flight
 n - 5 potions of attraction
 o - a potion of might {unknown}
 r - 3 potions of brilliance
 s - a potion of lignification {unknown}
 w - 2 potions of mutation
 A - a potion of berserk rage {unknown}
 E - a potion of haste
 G - 2 potions of degeneration {unknown}
 L - 2 potions of cancellation {unknown}


   Skills:
 + Level 6.0 Fighting
 * Level 11.4 Short Blades
 - Level 6.0 Throwing
 + Level 10.0 Dodging
 + Level 12.2 Stealth
 + Level 9.1 Spellcasting
 + Level 12.2 Hexes
 + Level 4.8 Ice Magic
 + Level 3.2 Invocations
 + Level 1.2 Evocations


You had 17 spell levels left.
You knew the following spells:

 Your Spells              Type           Power      Damage    Failure   Level
a - Ensorcelled Hibernat  Hex/Ice        86%        N/A       1%          2
b - Confusing Touch       Hex            55%        N/A       1%          3
c - Tukima's Dance        Hex            55%        N/A       1%          3
d - Metabolic Englaciati  Hex/Ice        21%        N/A       6%          5

Your spell library contained the following spells:

 Spells                   Type           Power      Damage    Failure   Level
 Dazzling Flash           Conj/Hex       66%        N/A       1%          3
 Summon Guardian Golem    Hex/Summ       33%        N/A       1%          3
 Ozocubu's Armour         Ice            28%        N/A       3%          3
 Sting                    Tmut/Pois      36%        1d4       8%          1
 Hailstorm                Conj/Ice       18%        3d6       9%          3
 Cigotuvi's Dreadful Rot  Necr/Pois/Air  18%        N/A       12%         2
 Lesser Beckoning         Tloc           18%        N/A       12%         2
 Passwall                 Tmut/Erth      7%         N/A       12%         2
 Poisonous Vapours        Pois/Air       18%        N/A       12%         2
 Gell's Gravitas          Tloc           9%         N/A       22%         3
 Ignite Poison            Fire/Tmut/Pois 9%         N/A       22%         3
 Stone Arrow              Conj/Erth      18%        3d8       22%         3
 Swiftness                Air            9%         N/A       22%         3
 Teleport Other           Tloc           9%         N/A       22%         3
 Vhi's Electric Charge    Tloc/Air       18%        N/A       22%         3
 Ice Form                 Ice/Tmut       18%        N/A       28%         4
 Animate Armour           Summ/Erth      18%        N/A       58%         4
 Olgreb's Toxic Radiance  Pois           9%         N/A       58%         4
 Freezing Cloud           Conj/Ice/Air   7%         6-21      73%         5
 Alistair's Intoxication  Tmut/Pois      6%         N/A       91%         5
 Arcjolt                  Conj/Air       4%         1d14      91%         5
 Simulacrum               Ice/Necr       9%         N/A       99%         6
 Plasma Beam              Fire/Air       4%         2x1d16    100%        6
 Lehudib's Crystal Spear  Conj/Erth      4%         10d3      100%        8


Dungeon Overview and Level Annotations

Branches:
Dungeon (10/15)            Temple (1/1) D:6            Lair (3/5) D:10
 Shoals (0/4) Lair:3       Spider (0/4) Lair:3
    Orc: D:9-12

Altars:
Ashenzari
Cheibriados
Dithmenos
Elyvilon
Fedhas
Gozag
Hepliaklqana
Kikubaaqudgha
Makhleb
Nemelex Xobeh
Okawaru
Qazlal
Ru
Sif Muna
Trog
Uskayaw
Vehumet
Wu Jian
Xom
Yredelemnul
Zin
The Shining One

Shops:
D:5 *   D:8 *

Annotations:
D:10 3 runed translucent doors, Ironcache's ghost, journeyman TrGl
Lair:1 2 transporters


Innate Abilities, Weirdness & Mutations

You are very small and have problems with some larger weapons.
You are too small for most types of armour.
You have supernaturally acute eyesight. (SInv)
You cover ground extremely quickly. (Speed+++)


Message History

You disentangle yourself.
The orb spider weaves a glowing orb of energy.
An orb of destruction comes into view.
The orb of destruction moves out of view.
You start waiting.
Done waiting.
You start waiting.
Done waiting.
You are caught in the web!
There is a web here.
You disentangle yourself.
You are caught in the web!
There is a web here.
You disentangle yourself.
The orb spider begins to weave its threads into a brightly glowing ball.
You see here a wand of flame (14).
O - a wand of flame (14)
Aiming: Throw Flame
Press: ? - help, Q - select action, (/) - cycle Shift-Dir - straight line, f - orb spider
Aim: an orb spider (fully charged, 68% to hit)
The puff of flame hits the orb spider!
The orb spider is lightly wounded.
Unknown command.
Aiming: Throw Flame
Press: ? - help, Q - select action, (/) - cycle Shift-Dir - straight line, f/p - orb spider
Aim: an orb spider (lightly wounded, fully charged, 68% to hit)
The puff of flame hits the orb spider.
The orb spider is moderately wounded.
The orb spider weaves a glowing orb of energy.
An orb of destruction comes into view.
The orb of destruction hits a rock wall.
The orb spider pulsates with a strange energy.
You are caught in the web!
The orb spider weaves a glowing orb of energy.
An orb of destruction comes into view.
There is a web here.
You disentangle yourself.
The orb of destruction hits you!!!!
Ouch! That really hurt!
You die...

.........#
.........#
###......## #
####....# #
#...####### #
##..####^#.###
#...#..+.>s+.##
#..###^≈..○≈..# #
##.##..≈≈≈≈○@##
##...##.≈.^#.^^# #
#.#..##....^.^##
.. ##....#.......#
..P
##..^#......?#^..#
##..^...#.#^...#
#.#^..^.....#.#
##.#...#...## #
###########


You could see an orb spider.

Vanquished Creatures
  Rupert (Lair:1)
  Gastronok (D:9)
  Snorg (D:10)
  Harold (D:9)
  A hydra (Lair:1)
  Erica (D:8)
  3 death yaks (Lair:2)
  Pikel (D:4)
  A lindwurm (Lair:3)
  A manticore (Lair:3)
  Joseph (D:8)
  Maurice (D:9)
  2 black mambas
  4 elephants (Lair:2)
  6 cane toads
  2 komodo dragons (Lair:1)
  Maggie (D:8)
  A hornet (D:6)
  A polar bear (Lair:1)
  A troll (D:6)
  A wind drake (Lair:3)
  3 blink frogs (Lair:1)
  A shadow (D:10)
  Sigmund (D:4)
  2 wraiths
  A wyvern (D:10)
  A human (Lair:1)
  20 yaks
  2 basilisks
  4 steam dragons
  Grum (D:8)
  14 water moccasins
  Duvessa (D:5)
  2 ice beasts
  A sky beast (D:6)
  7 black bears
  3 centaurs
  16 wolves
  A phantom (D:6)
  6 kobold brigands
  4 scorpions
  6 bullfrogs
  A gnoll sergeant (D:10)
  Dowan (D:5)
  A wight (D:7)
  6 howler monkeys
  An electric eel (D:10)
  5 hounds
  A jelly (D:8)
  3 orc priests
  3 gnoll boudas
  7 iguanas
  Terence (D:2)
  2 sleepcaps
  14 orc wizards
  8 adders
  18 gnolls
  A shadow imp (D:4)
  A white imp (D:8)
  2 ufetubi
  3 worms (D:2)
  3 dart slugs
  25 orcs
  7 ball pythons
  4 bats
  11 endoplasms
  6 giant cockroaches
  7 hobgoblins
  9 jackals
  40 kobolds
  5 quokkas
  3 frilled lizards
  10 goblins
  4 rats
343 creatures vanquished.

Vanquished Creatures (collateral kills)
  A centaur warrior (D:10)
  A two-headed ogre (D:8)
  A gnoll sergeant (D:5)
  2 wights (D:7)
  3 gnolls
  2 kobolds (D:10)
10 creatures vanquished.

Vanquished Creatures (others)
  11 dancing weapons
11 creatures vanquished.

Grand Total: 364 creatures vanquished

Notes
Turn   | Place    | Note
-------+----------+-------------------------------------------
     0 | D:1      | LynnLen the Spriggan Enchanter began the quest for the Orb.
     0 | D:1      | Reached XP level 1. HP: 9/9 MP: 5/5
   409 | D:1      | Reached XP level 2. HP: 13/13 MP: 6/6
   760 | D:1      | Learned a level 2 spell: Ensorcelled Hibernation
  1208 | D:1      | Reached XP level 3. HP: 17/17 MP: 8/8
  2187 | D:2      | Noticed Terence
  2215 | D:2      | Killed Terence
  2216 | D:2      | Reached XP level 4. HP: 17/21 MP: 6/9
  2240 | D:2      | Learned a level 3 spell: Confusing Touch
  2244 | D:2      | Learned a level 3 spell: Tukima's Dance
  3010 | D:3      | Reached skill level 5 in Stealth
  3371 | D:3      | Reached XP level 5. HP: 25/25 MP: 7/10
  3603 | D:4      | Reached skill level 1 in Fighting
  3603 | D:4      | Reached skill level 5 in Hexes
  3633 | D:4      | Noticed Sigmund
  3689 | D:4      | Killed Sigmund
  3690 | D:4      | Reached XP level 6. HP: 10/30 MP: 6/12
  4136 | D:4      | Noticed Pikel
  4148 | D:4      | Killed Pikel
  4149 | D:4      | Reached XP level 7. HP: 35/35 MP: 6/14
  4393 | D:4      | Reached skill level 5 in Short Blades
  4528 | D:4      | Reached skill level 5 in Dodging
  4528 | D:4      | Reached XP level 8. HP: 39/39 MP: 12/16
  4709 | D:5      | Entered Level 5 of the Dungeon
  5407 | D:5      | Found Dyik's Assorted Antiques.
  5676 | D:5      | Reached skill level 5 in Spellcasting
  5828 | D:5      | Noticed Duvessa
  5828 | D:5      | Noticed Dowan
  5835 | D:5      | Killed Duvessa
  5836 | D:5      | Reached skill level 1 in Throwing
  5841 | D:5      | Killed Dowan
  6392 | D:6      | Noticed a troll
  6399 | D:6      | Killed a troll
  6455 | D:6      | Reached XP level 9. HP: 44/44 MP: 15/18
  6580 | D:6      | Got the Anthology of Filthy Beguiling
  6686 | D:6      | Learned a level 5 spell: Metabolic Englaciation
  6952 | D:6      | Found a staircase to the Ecumenical Temple.
  6985 | Temple   | Entered the Ecumenical Temple
  7464 | D:6      | Reached skill level 1 in Ice Magic
  8317 | D:7      | Identified the +0 ring mail "Ikirchyf" {Rampage rPois Int+7
                  | SInv}
  8903 | D:8      | Reached XP level 10. HP: 49/49 MP: 14/20
  8924 | D:8      | Noticed a two-headed ogre
  9353 | D:8      | Noticed Erica
  9359 | D:8      | Killed a two-headed ogre
  9534 | D:8      | Killed Erica
  9689 | D:8      | Noticed Maggie
  9694 | D:8      | Noticed Joseph
  9739 | D:8      | Killed Joseph
  9771 | D:8      | Noticed Grum
  9786 | D:8      | Killed Grum
  9886 | D:8      | Killed Maggie
  9939 | D:8      | Reached skill level 10 in Hexes
 10181 | D:8      | Found Renobank's Gadget Gallery.
 10453 | D:9      | Noticed Maurice
 10460 | D:9      | Killed Maurice
 10859 | D:9      | Noticed Harold
 10873 | D:9      | Noticed Gastronok
 11274 | D:9      | Killed Gastronok
 11275 | D:9      | Reached skill level 10 in Stealth
 11275 | D:9      | Reached XP level 11. HP: 10/54 MP: 16/22
 11539 | D:9      | Killed Harold
 11644 | D:9      | Found a white marble altar of Elyvilon.
 11647 | D:9      | Found a bloodstained altar of Trog.
 11650 | D:9      | Found an opulent altar of Gozag.
 11660 | D:9      | Found a hide-covered altar of Uskayaw.
 11660 | D:9      | Found a blossoming altar of Fedhas.
 11660 | D:9      | Found an iron altar of Okawaru.
 11661 | D:9      | Found a sparkling altar of Nemelex Xobeh.
 11662 | D:9      | Found a glowing golden altar of the Shining One.
 11663 | D:9      | Found a shadowy altar of Dithmenos.
 11664 | D:9      | Found an ancient bone altar of Kikubaaqudgha.
 11665 | D:9      | Found a radiant altar of Vehumet.
 11673 | D:9      | Became a worshipper of Dithmenos the Shadowed
 11857 | D:10     | Entered Level 10 of the Dungeon
 12266 | D:10     | Noticed a centaur warrior
 12275 | D:10     | HP: 1/54 [centaur warrior/arrow (21)]
 12295 | D:10     | Killed a centaur warrior
 12633 | D:10     | Found a runed translucent gate.
 12634 | D:10     | Found a runed translucent gate.
 12634 | D:10     | Noticed a ten-headed hydra
 12634 | D:10     | Noticed a 12-headed hydra
 12635 | D:10     | Found a runed translucent gate.
 12636 | D:10     | Noticed Ironcache's ghost (journeyman TrGl)
 12712 | D:9      | Reached * piety under Dithmenos
 13095 | D:10     | Noticed Snorg
 13683 | D:10     | Found a staircase to the Lair.
 13713 | D:10     | Killed Snorg
 13714 | D:10     | Reached skill level 5 in Fighting
 13805 | D:10     | Reached skill level 5 in Throwing
 14003 | Lair:1   | Entered Level 1 of the Lair of Beasts
 14003 | Lair:1   | Noticed a four-headed hydra
 14006 | Lair:1   | Killed a four-headed hydra
 14007 | Lair:1   | Reached skill level 10 in Short Blades
 14400 | Lair:1   | Reached XP level 12. HP: 60/60 MP: 17/25
 14766 | Lair:1   | Reached ** piety under Dithmenos
 14783 | Lair:1   | Found a transporter.
 14816 | Lair:1   | Found a transporter.
 14845 | Lair:1   | Reached skill level 1 in Invocations
 15213 | Lair:1   | Found a runed translucent door.
 15235 | Lair:1   | Noticed Rupert
 15407 | Lair:1   | Killed Rupert
 15769 | Lair:2   | Noticed a death yak
 15769 | Lair:2   | Noticed a death yak
 15769 | Lair:2   | Noticed a death yak
 17592 | Lair:2   | Identified the +4 dagger "Coarghooss" {heavy, rN++ Int-3
                  | Dex+5}
 17835 | Lair:2   | Killed a death yak
 17855 | Lair:2   | Killed a death yak
 17917 | Lair:2   | Killed a death yak
 18323 | Lair:3   | Found a staircase to the Shoals.
 18346 | Lair:3   | Reached skill level 10 in Dodging
 18346 | Lair:3   | Reached skill level 1 in Evocations
 18540 | Lair:3   | Reached XP level 13. HP: 65/65 MP: 24/27
 18737 | Lair:3   | Found a hole to the Spider Nest.
 18982 | Lair:3   | Blown up by an orb spider

Illustrated notes

Levels and vault maps discovered:
D:1:      heliophobic_arrival_ceremonial_halls, layout_basic,
          serial_corexii_hall, corexii_hall_statues_x, corexii_hall_statues_s,
          chequers_hall_statues_wall_a, minmay_crystal_room
D:2:      layout_loops_corners, hex_tiny, uniq_terence
D:3:      layout_rooms
D:4:      layout_cave_pools, serial_park, serial_park_gazebo
          [serial_park_minivault_5x5_3], serial_park_tiny_1,
          serial_park_fountain, uniq_sigmund, uniq_pikel
D:5:      dreamdust_elfheim, layout_loops_ring, kennysheep_diamond,
          hangedman_decor_riveting, abandoned_shop
D:6:      layout_basic, temple_green, hangedman_decor_opposing,
          minmay_increasing_density
D:7:      layout_basic
D:8:      layout_loops_cross, nicolae_shop_gadgets, uniq_joseph, uniq_maggie,
          uniq_erica, uniq_grum
D:9:      layout_rooms, minitemple, uniq_gastronok, uniq_harold, uniq_maurice
D:10:     layout_basic, minmay_lair_entry_grove, gammafunk_ghost_hydra_chop,
          uniq_snorg
Temple:   nicolae_temple_bog_church
Lair:1:   gammafunk_cloud_chamber, layout_regular_city,
          chequers_serial_rivers_marsh, pdpol_lair_cabin_in_the_woods,
          infiniplex_staircase_pool_2
Lair:2:   layout_chaotic_city
Lair:3:   layout_cellular_growth, minmay_shoals_entry_beasts,
          nicolae_spider_entry_orb_guardian

Skill      XL: |  1  2  3  4  5  6  7  8  9 10 11 12 13 |
---------------+----------------------------------------+-----
Hexes          | 4 5 6 7 9 10 11 12 | 12.2
Dodging        | 3 4 5 6 7 8 10 | 10.0
Short Blades   | 2 3 4 5 6 7 9 10 11 | 11.4
Spellcasting   | 3 4 5 6 7 8 9 |  9.1
Stealth        | 5 6 7 8 10 11 12 | 12.2
Fighting       | 1 2 3 4 5 6 |  6.0
Throwing       | 1 3 4 5 6 |  6.0
Ice Magic      | 1 3 4 |  4.8
Invocations    | 3 |  3.2
Evocations     | 1 |  1.2

Action                     |  1- 3 |  4- 6 |  7- 9 | 10-12 | 13-15 || total
---------------------------+-------+-------+-------+-------+-------++-------
  Melee: Dagger            |   143 |   112 |   512 |   485 |     8 ||  1260
         Punch             |     1 |     1 |     4 |     7 |       ||    13
  Throw: Dart              |       |       |       |    11 |       ||    11
         Throwing net      |       |       |       |     3 |       ||     3
   Cast: Ensorcelled Hiber |    10 |    19 |    60 |   164 |     2 ||   255
         Tukima's Dance    |       |     3 |    13 |    25 |       ||    41
         Confusing Touch   |       |     1 |     6 |    20 |       ||    27
         Metabolic Englaci |       |       |       |    12 |       ||    12
  Evoke: Wand              |       |       |     2 |    28 |     2 ||    32
    Use: Scroll            |     3 |     5 |     2 |     8 |       ||    18
         Potion            |       |       |     1 |     2 |       ||     3
   Stab: Sleeping          |    14 |    21 |    59 |   109 |     1 ||   204
         Confused          |       |     1 |     3 |    20 |       ||    24
         Distracted        |       |       |       |     2 |       ||     2
 Armour: Robe              |    13 |    13 |    17 |    34 |     1 ||    78
  Dodge: Dodged            |   100 |    83 |   224 |   402 |     4 ||   813
